 Dungeon Crawl Stone Soup version 0.30-a0-639-g3916f1956a (webtiles) character file.

Game seed: 2639183767300095816

109 mampy3000 the Cudgeller (level 4, -7/40 (41) HPs)
             Began as a Minotaur Berserker on Jan 15, 2023.
             Was a Believer of Trog.
             Mangled by a goblin
             ... wielding a +1 dagger of electrocution
             ... led by Robin
              (14 damage)
             ... on level 3 of the Dungeon.
             The game lasted 00:05:53 (1940 turns).

mampy3000 the Cudgeller (Minotaur Berserker)        Turns: 1940, Time: 00:05:53

HP:   -7/40 (41)    AC:  9    Str: 21    XL:     4   Next: 60%
MP:   3/3           EV:  8    Int:  4    God:    Trog [**....]
Gold: 135           SH:  0    Dex: 12    Spells: 3/3 levels left

rFire   x . .      SeeInvis .    a - +0 mace
rCold   + . .      Faith    .    (no shield)
rNeg    . . .      Spirit   .    l - +0 chain mail
rPois   .          Reflect  .    (helmet restricted)
rElec   .          Harm     .    h - scarf {repulsion}
rCorr   .          Rampage  .    (no gloves)
Will    +++..                    (no boots) Stlth
                                 (no amulet)
HPRegen 1.26/turn                g - ring of ice
MPRegen 0.08/turn                q - ring of willpower

@: strong-willed, regenerating, lightly drained, repel missiles
A: horns 2, retaliatory headbutt
a: Renounce Religion, Berserk, Trog's Hand


You were on level 3 of the Dungeon.
You worshipped Trog.
Trog was pleased with you.
You visited 1 branch of the dungeon, and saw 3 of its levels.

You collected 135 gold pieces.

Inventory:

Hand Weapons
 a - a +0 mace (weapon)
Armour
 b - a +0 animal skin
 h - a scarf of repulsion (worn)
 l - a +0 chain mail (worn)
Jewellery
 g - a ring of ice (left hand)
 q - a ring of willpower (right hand)
Scrolls
 f - 4 scrolls of teleportation {unknown}
 i - 2 scrolls of enchant weapon {unknown}
 j - a scroll of brand weapon {unknown}
 m - a scroll of fear {unknown}
 s - a scroll of fog {unknown}
Potions
 c - a potion of heal wounds {unknown}
 d - a potion of lignification {unknown}
 e - a potion of degeneration {unknown}
 k - 2 potions of cancellation {unknown}
 n - a potion of ambrosia {unknown}
 o - 2 potions of attraction {unknown}
 p - a potion of brilliance {unknown}
 r - a potion of flight {unknown}


   Skills:
 + Level 4.5 Fighting
 + Level 5.2 Maces & Flails
 + Level 2.8 Armour
 + Level 2.8 Dodging
 + Level 0.4 Stealth


You had 3 spell levels left.
You didn't know any spells.
Your spell library was empty.

Dungeon Overview and Level Annotations

Branches:
Dungeon (3/15)

Altars:

Shops:
D:3 (


Innate Abilities, Weirdness & Mutations

You have a pair of horns on your head.
You reflexively headbutt those who attack you in melee.


Message History

The goblin hits you but does no damage.
The hobgoblin hits you but does no damage.
You hit the goblin. Your headbutt misses the goblin.
The goblin is severely wounded.
The goblin completely misses you. The goblin hits you but does no damage.
The goblin completely misses you. The goblin hits you but does no damage.
The hobgoblin barely misses you. You furiously retaliate!
You headbutt the hobgoblin. You hit the goblin.
You kill the goblin!
Trog accepts your kill. The hobgoblin barely misses you.
You furiously retaliate!
You headbutt the hobgoblin!
You kill the hobgoblin!
Trog accepts your kill.
The goblin hits you with a +1 dagger of electrocution.
The goblin barely misses you. x2; You furiously retaliate!
You headbutt the goblin!
You kill the goblin!
Trog accepts your kill. The hobgoblin hits you.
You hit the hobgoblin.
You kill the hobgoblin!
Trog accepts your kill. The goblin hits you with a +0 club.
The goblin hits you but does no damage.
You barely miss the goblin.
The goblin hits you but does no damage. x2
The hobgoblin hits you. x2; The goblin hits you but does no damage.
The goblin hits you with a +1 dagger of electrocution.
You hit the goblin.
The goblin is heavily wounded.
The goblin closely misses you. The goblin hits you but does no damage.
You are electrocuted!
* * * LOW HITPOINT WARNING * * *
The hobgoblin hits you but does no damage.
You are too injured to fight recklessly!
You are too injured to fight recklessly!
Your skin crawls.
You feel strong-willed.
The goblin hits you but does no damage. x2; You are electrocuted!
You die...

# .. ##...# #
.. ...... ##
####. ......
#.
....####....
#. ##.........
#. #........#
#####.
#....)g†.##.##
##.....
#....g@)......
.......
#......g###..#
##.....
#.......#
#####.
#.......## #.#
#. ##.......#
#.# #.
#.#####.# #.#
#. ##.#####.#
#.# ##
#...).##†# #.#
#
#......##.##.#
#.# #


You could see a hobgoblin and 2 goblins.

Vanquished Creatures
  3 gnolls (D:3)
  2 adders
  A worm (D:2)
  2 dart slugs
  An orc (D:3)
  6 bats
  4 endoplasms
  A giant cockroach (D:3)
  8 goblins
  8 hobgoblins
  4 jackals (D:1)
  2 ball pythons (D:3)
  3 frilled lizards
  2 kobolds
  6 rats
53 creatures vanquished.

Notes
Turn   | Place    | Note
-------+----------+-------------------------------------------
     0 | D:1      | mampy3000 the Minotaur Berserker began the quest for the
                  | Orb.
     0 | D:1      | Reached XP level 1. HP: 19/19 MP: 0/0
    56 | D:1      | Found a faded altar of an unknown god.
    94 | D:1      | Reached XP level 2. HP: 27/27 MP: 1/1
    98 | D:1      | Reached skill level 4 in Maces & Flails
   592 | D:2      | Reached XP level 3. HP: 20/33 MP: 2/2
   845 | D:2      | Reached ** piety under Trog
  1461 | D:3      | Found Sessaake's Weapon Shop.
  1650 | D:3      | Reached XP level 4. HP: 36/41 MP: 3/3
  1740 | D:3      | Reached skill level 5 in Maces & Flails
  1940 | D:3      | Mangled by a goblin

Illustrated notes

Levels and vault maps discovered:
D:1:      onia_arrival_mini_spirals, layout_rooms, shapermc_ecumenical_altar_gd
D:2:      wander_river, layout_basic
D:3:      layout_loops_cross, serial_shops, shop_fountains, uniq_robin

Skill      XL: |  1  2  3  4 |
---------------+-------------+-----
Fighting       | 4 |  4.5
Maces & Flails | 4 5 |  5.2
Armour         | |  2.8
Dodging        | |  2.8
Stealth        | |  0.4

Action                   |  1- 3 |  4- 6 || total
-------------------------+-------+-------++-------
Melee: Mace              |    71 |    31 ||   102
       Headbutt          |     9 |     3 ||    12
       Punch             |     1 |       ||     1
Invok: Trog's Hand       |       |     1 ||     1
 Stab: Sleeping          |     1 |       ||     1
Armor: Animal skin       |     9 |       ||     9
       Chain mail        |    12 |    35 ||    47
Dodge: Dodged            |    38 |    34 ||    72

Table legend: (Time is in decaauts)
 A = Elapsed time spent in this place.
 B = Non-inter-level travel time spent in this place.
 C = Inter-level travel time spent in this place.
 D = Time resting spent in this place.
 E = Time spent auto-exploring this place.
 F = Levels seen in this place.
 G = Mean time per level.
                   A        B        C        D        E       F      G
               +--------+--------+--------+--------+--------+-----+--------+
         Total |   1986 |   1937 |     49 |      0 |   1580 |   3 |  662.0 |
       Dungeon |   1986 |   1937 |     49 |      0 |   1580 |   3 |  662.0 |
               +--------+--------+--------+--------+--------+-----+--------+

Top non-repeatable levels by time:
     D:2: 928 daAuts
     D:1: 573 daAuts
     D:3: 484 daAuts
